 Dungeon Crawl Stone Soup version 0.27-a0-1347-gd8886f0a89 (webtiles) character file.

Game seed: 8972966909389646583

5175 Brandom the Skirmisher (level 10, -4/88 HPs)
             Began as a Demigod Delver on June 27, 2021.
             Slain by a gnoll (7 damage)
             ... on level 9 of the Dungeon.
             The game lasted 00:35:41 (11174 turns).

Brandom the Skirmisher (Demigod Delver)            Turns: 11174, Time: 00:35:41

Health: -4/88      AC:  6    Str: 30    XL:     10   Next: 12%
Magic:  17/17      EV: 16    Int: 20    God:
Gold:   222        SH: 11    Dex: 19    Spells: 13/14 levels left

rFire    . . .     SeeInvis .   F - +9 spear of Rotation {vorpal, Dex+4}
rCold    . . .     Faith    .   E - +0 kite shield
rNeg     . . .     Spirit   .   j - +1 leather armour of the Lich-sworn {Str+7}
rPois    .         Reflect  .   (no helmet)
rElec    .         Harm     .   (no cloak)
rCorr    .         Rampage  .   q - +2 pair of gloves
Will     ++...                  (no boots)
Stlth    +++.......             (no amulet)
HPRegen  0.24/turn              J - +4 ring of evasion
MPRegen  0.15/turn              y - +6 ring of strength

@: no status effects
A: high mp 1, forlorn, hooves 1, deformed body, deterioration 1, strong-willed 1
a: no special abilities


You were on level 9 of the Dungeon.
You visited 1 branch of the dungeon, and saw 9 of its levels.

You collected 462 gold pieces.
You spent 240 gold pieces at shops.

Inventory:

Hand Weapons
 a - a +0 mace
 F - the +9 spear of Rotation (weapon) {vorpal, Dex+4}
   (You found it on level 6 of the Dungeon)

   It inflicts extra damage upon your enemies.
   Dex:       It affects your dexterity (+4).
Missiles
 i - 46 poisoned darts
 A - 2 throwing nets (quivered) {!f}
Armour
 b - a +0 leather armour
 j - the +1 leather armour of the Lich-sworn (worn) {Str+7}
   (You found it on level 4 of the Dungeon)

   Str:       It affects your strength (+7).
 q - a +2 pair of gloves (worn)
   (You found it on level 2 of the Dungeon)
 E - a +0 kite shield (worn)
   (You took it off a gnoll sergeant on level 6 of the Dungeon)
Jewellery
 r - a ring of fire
   (You found it on level 2 of the Dungeon)
 x - a ring of poison resistance
   (You took it off a goblin on level 3 of the Dungeon)
 y - a +6 ring of strength (right hand)
   (You found it on level 3 of the Dungeon)
 z - a ring of see invisible
   (You found it on level 7 of the Dungeon)
 D - a ring of protection from fire
   (You found it on level 6 of the Dungeon)
 J - a +4 ring of evasion (left hand)
   (You found it on level 2 of the Dungeon)
Wands
 g - a wand of charming (7)
   (You found it on level 5 of the Dungeon)
 t - a wand of flame (15)
   (You found it on level 7 of the Dungeon)
 v - a wand of digging (7)
Scrolls
 c - a scroll of fog
 d - 2 scrolls of magic mapping
 e - 2 scrolls of fear
 f - a scroll of noise {!r}
 n - 10 scrolls of identify {unknown}
 o - 2 scrolls of teleportation {unknown}
 p - 2 scrolls of amnesia {unknown}
 B - a scroll of brand weapon {unknown}
 C - 3 scrolls of torment {unknown}
 G - 2 scrolls of blinking {unknown}
 M - a scroll of immolation {!r}
 N - a scroll of holy word {unknown}
 O - 2 scrolls of enchant armour {unknown}
Potions
 h - 4 potions of lignification {unknown}
 k - 2 potions of degeneration {unknown}
 l - 3 potions of heal wounds {unknown}
 m - a potion of might {unknown}
 s - 2 potions of curing {unknown}
 u - a potion of brilliance {unknown}
 w - 3 potions of flight {unknown}
 H - 3 potions of attraction {unknown}
 I - a potion of berserk rage {unknown}
 K - 2 potions of resistance {unknown}
 L - 2 potions of invisibility
 P - a potion of ambrosia {unknown}


   Skills:
 * Level 7.8 Fighting
 - Level 5.6 Maces & Flails
 * Level 4.1 Polearms
 + Level 4.9 Armour
 + Level 5.4 Dodging
 - Level 4.5 Stealth
 + Level 2.9 Shields
 + Level 2.7 Spellcasting
 + Level 4.4 Necromancy


You had 13 spell levels left.
You knew the following spells:

 Your Spells              Type           Power      Damage    Failure   Level
z - Animate Skeleton      Necr           40%        N/A       12%         1

Your spell library contained the following spells:

 Spells                   Type           Power      Damage    Failure   Level
 Pain                     Necr           80%        1d8       12%         1
 Vampiric Draining        Necr           10%        2d7       36%         3
 Apportation              Tloc           4%         N/A       61%         1
 Beastly Appendage        Tmut           4%         N/A       61%         1
 Corona                   Hex            2%         N/A       61%         1
 Sting                    Tmut/Pois      8%         1d3       61%         1
 Summon Small Mammal      Summ           8%         N/A       61%         1
 Poisonous Vapours        Pois/Air       4%         N/A       75%         2
 Wereblood                Tmut           2%         N/A       75%         2
 Animate Dead             Necr           10%        N/A       77%         4
 Ignite Poison            Fire/Tmut/Pois 2%         N/A       93%         3
 Mephitic Cloud           Conj/Pois/Air  2%         N/A       93%         3
 Spider Form              Tmut/Pois      1%         N/A       93%         3
 Agony                    Necr           20%        N/A       98%         5
 Ice Form                 Ice/Tmut       2%         N/A       100%        4
 Olgreb's Toxic Radiance  Pois           2%         N/A       100%        4


Dungeon Overview and Level Annotations

Branches:
Dungeon (9/15)             Temple (0/1) D:4
   Lair: D:8-11         Orc: D:9-12

Shops:
D:8 *


Innate Abilities, Weirdness & Mutations

Your attributes grow dramatically as you level up.
You have an increased reservoir of magic. (+10% MP)
You shall have no god before yourself.
You have large cloven feet.
Armour fits poorly on your strangely shaped body.
Your body sometimes deteriorates upon taking damage.
You are strong-willed. (Will+)


Message History

The gnoll misses you. x2; The water moccasin barely misses you.
You block the gnoll's attack.
The gnoll sergeant hits you with a +0 vampiric trident!
* * * LOW HITPOINT WARNING * * *
You block the gnoll's attack.
Unknown command.
Unknown command.
Unknown command.
Unknown command.
Your shield prevents you from hitting the water moccasin.
Your kick misses the water moccasin.
The water moccasin bites you but does no damage.
You block the gnoll's attack. x2
The gnoll sergeant completely misses you.
The gnoll closely misses you. The water moccasin misses you.
The gnoll hits you with a +0 flail!
* * * LOW HITPOINT WARNING * * *
You closely miss the water moccasin. Your kick misses the water moccasin.
You block the water moccasin's attack. You block the gnoll's attack.
The gnoll sergeant hits you with a +0 vampiric trident.
* * * LOW HITPOINT WARNING * * *
You block the gnoll's attack. The gnoll hits you but does no damage.
You puncture the water moccasin! Your kick misses the water moccasin.
The water moccasin misses you. The gnoll barely misses you.
You block the gnoll sergeant's attack. You block the gnoll's attack.
The gnoll barely misses you. The water moccasin misses you.
Unknown command.
You closely miss the water moccasin. You kick the water moccasin.
You block the water moccasin's attack. The gnoll misses you.
The gnoll sergeant hits you with a +0 vampiric trident!
* * * LOW HITPOINT WARNING * * *
The gnoll hits you from afar with a +0 spear.
* * * LOW HITPOINT WARNING * * *
The gnoll hits you with a +0 flail.
* * * LOW HITPOINT WARNING * * *
Unknown command.
You puncture the water moccasin!
You kill the water moccasin!
You block the gnoll sergeant's attack.
The gnoll hits you from afar with a +0 spear.
* * * LOW HITPOINT WARNING * * *
The gnoll closely misses you.
You puncture the gnoll!
You kill the gnoll!
The gnoll sergeant completely misses you.
You block the gnoll's attack. The gnoll hits you but does no damage.
The gnoll closely misses you.
Unknown command.
The gnoll sergeant barely misses you. The gnoll hits you with a +0 spear!
You die...

........#.#....
......!...#....
.............PP
.........>...♣ .P
#............♣ ...
.............♣♣♣...
#.....g....P.P.P..
#...g@g............
##..g..(....P.....
#######..P♣♣♣...♣ .
##..♣ ♣...♣ ..
####...♣♣♣...♣♣♣..
##.......P.....P.P.
....[..............
#............#..# #
#..........#....###.


You could see a gnoll sergeant and 3 gnolls.

Vanquished Creatures
  A two-headed ogre (D:9)
  A troll (D:5)
  A human (D:7)
  Terence (D:3)
  The ghost of wineyard the Gusty, an amateur GnAE (D:3)
  Menkaure (D:5)
  A water moccasin (D:9)
  An ice beast (D:6)
  2 orc warriors
  A hornet zombie (D:7)
  A sky beast (D:7)
  4 centaurs
  An ogre (D:7)
  4 necrophages
  A phantom (D:6)
  5 bullfrogs
  A scorpion (D:5)
  A wyvern zombie (D:8)
  A gnoll sergeant (D:6)
  A wyvern skeleton (D:6)
  A water moccasin skeleton (D:5)
  3 killer bees (D:4)
  12 wights
  3 howler monkeys (D:7)
  An electric eel (D:6)
  A lava snake (D:8)
  A crimson imp (D:9)
  A bullfrog zombie (D:5)
  4 centaur zombies
  A hound (D:3)
  3 orc priests
  3 jellies
  2 bullfrog skeletons
  3 iguanas
  3 orc wizards
  A killer bee zombie (D:5)
  A howler monkey skeleton (D:7)
  8 gnolls
  8 adders
  A shadow imp (D:6)
  2 white imps
  An adder skeleton (D:4)
  4 dart slugs
  23 orcs
  2 bats
  3 endoplasms
  5 giant cockroaches
  5 goblins
  8 hobgoblins
  10 ball pythons
  3 frilled lizards
  7 kobolds
  6 rats
171 creatures vanquished.

Vanquished Creatures (collateral kills)
  A human (D:7)
  A bullfrog (D:9)
  2 wights
  A gnoll shaman (D:8)
  4 gnolls
  A dart slug (D:4)
  An orc (D:4)
11 creatures vanquished.

Vanquished Creatures (others)
  An ice beast (D:3)
  An orc priest (D:4)
  34 plants
  5 toadstools (D:1)
41 creatures vanquished.

Grand Total: 223 creatures vanquished

Notes
Turn   | Place    | Note
-------+----------+-------------------------------------------
     0 | D:5      | Brandom the Demigod Delver began the quest for the Orb.
     0 | D:5      | Reached XP level 1. HP: 18/18 MP: 3/3
    44 | D:4      | Found a staircase to the Ecumenical Temple.
    77 | D:4      | Identified the +1 leather armour of the Lich-sworn {Str+7}
    99 | D:4      | Noticed a killer bee
   119 | D:4      | Noticed an orc wizard
   169 | D:4      | Noticed an orc priest
   169 | D:4      | Noticed an orc priest
   174 | D:4      | Noticed an ice beast
   175 | D:4      | Noticed an iguana
   201 | D:4      | Killed an iguana
   201 | D:4      | Killed an orc priest
   202 | D:4      | Reached skill level 3 in Fighting
   202 | D:4      | Reached skill level 1 in Armour
   202 | D:4      | Reached XP level 2. HP: 23/26 MP: 4/4
   202 | D:4      | Reached XP level 3. HP: 28/31 MP: 5/5
   253 | D:3      | Noticed Terence
   466 | D:3      | Reached XP level 4. HP: 25/38 MP: 6/6
  2065 | D:2      | Learned a level 1 spell: Animate Skeleton
  2334 | D:3      | Reached XP level 5. HP: 46/46 MP: 7/7
  2436 | D:3      | Killed Terence
  2437 | D:3      | Reached skill level 4 in Fighting
  2570 | D:3      | Found a runed translucent door.
  2570 | D:3      | Noticed wineyard's ghost (amateur GnAE)
  2613 | D:3      | Noticed a profane servitor
  2630 | D:3      | Noticed an angel
  2735 | D:3      | Reached XP level 6. HP: 45/52 MP: 9/9
  3085 | D:4      | Reached skill level 1 in Necromancy
  3386 | D:3      | Killed wineyard's ghost
  3387 | D:3      | Reached skill level 1 in Spellcasting
  3823 | D:4      | HP: 1/53 [orc warrior (23)]
  4220 | D:4      | Reached XP level 7. HP: 51/60 MP: 12/12
  4891 | D:4      | Reached skill level 5 in Fighting
  5787 | D:5      | Noticed an angel
  6068 | D:5      | Noticed a troll
  6082 | D:5      | Killed a troll
  6083 | D:5      | Reached XP level 8. HP: 40/70 MP: 14/14
  6595 | D:6      | Noticed Menkaure
  6610 | D:5      | Reached skill level 5 in Maces & Flails
  6675 | D:5      | Killed Menkaure
  6727 | D:6      | Reached skill level 6 in Fighting
  7427 | D:6      | Identified the +9 spear of Rotation {vorpal, Dex+4}
  7953 | D:7      | Reached skill level 1 in Polearms
  8038 | D:7      | Reached XP level 9. HP: 78/78 MP: 15/15
  8045 | D:7      | Reached skill level 1 in Shields
  8395 | D:7      | Reached skill level 7 in Fighting
  9247 | D:7      | Reached skill level 5 in Dodging
 10133 | D:8      | Found Vuczuck's Changing Room.
 10167 | D:8      | Bought a potion of mutation for 120 gold pieces
 10167 | D:8      | Bought a potion of mutation for 120 gold pieces
 10167 | D:8      | Gained mutation: Your spells are a little harder to cast,
                  | but a little more powerful. [potion of mutation]
 10167 | D:8      | Gained mutation: You are partially covered in large bone
                  | plates. (SH +4) [potion of mutation]
 10168 | D:8      | Lost mutation: Your spells are a little harder to cast, but
                  | a little more powerful. [potion of mutation]
 10168 | D:8      | Lost mutation: You are partially covered in large bone
                  | plates. (SH +4) [potion of mutation]
 10168 | D:8      | Gained mutation: You are weak. (Str -2) [potion of
                  | mutation]
 10168 | D:8      | Gained mutation: You have large cloven feet. [potion of
                  | mutation]
 10168 | D:8      | Gained mutation: Your body sometimes deteriorates upon
                  | taking damage. [potion of mutation]
 10168 | D:8      | Gained mutation: Your mind is acute. (Int +2) [potion of
                  | mutation]
 10169 | D:8      | Lost mutation: You are weak. (Str -2) [potion of mutation]
 10169 | D:8      | Lost mutation: Your mind is acute. (Int +2) [potion of
                  | mutation]
 10169 | D:8      | Gained mutation: Armour fits poorly on your strangely
                  | shaped body. [potion of mutation]
 10169 | D:8      | Gained mutation: You are strong-willed. (Will+) [potion of
                  | mutation]
 10594 | D:9      | Noticed a two-headed ogre
 10603 | D:9      | Killed a two-headed ogre
 10604 | D:9      | Reached XP level 10. HP: 11/88 MP: 15/17
 11171 | D:9      | HP: 3/88 [gnoll (6)]
 11174 | D:9      | Slain by a gnoll

Illustrated notes

Levels and vault maps discovered:
D:1:      ldierk_walled_garden, layout_rooms,
          hellmonk_ecumenical_altar_lost_god, minmay_misc_feat_rugged,
          st_stairs_1, kennysheep_another_room, feat_on_display
D:2:      layout_loops_corners, minmay_misc_feat_tower
D:3:      layout_rooms, grunt_temple_overflow_holy_war,
          nicolae_ru_great_annihilating_truth, hellmonk_ghost_happy_afterlife,
          uniq_terence
D:4:      layout_gridville, minmay_temple_entry_glassed_door, minmay_distorted
D:5:      layout_rooms, grunt_temple_overflow_order_and_chaos_1,
          chequers_serial_rivers_micro_a, hangedman_decor_points, st_stairs_4,
          kennysheep_small_spiral, minmay_misc_feat_five
D:6:      layout_loops_ring, nicolae_uskayaw_dance_hall, serial_bayou,
          serial_bayou_pond_e, serial_bayou_shore_a, serial_bayou_shore_b,
          serial_bayou_pond_e, kennysheep_generic_room_13, uniq_menkaure
D:7:      layout_basic, tgw_sif, okawaru_humans, grunt_ministairs_2,
          serial_bayou_pond_c
D:8:      layout_rooms, minmay_misc_feat_room, nicolae_transmutations_shop,
          kennysheep_big_empty_room
D:9:      layout_cave_pods, grunt_temple_overflow_lords_of_destruction,
          david_lair_shrubbed, serial_shops, shop, minmay_variable_closet,
          kennysheep_boxes

Skill      XL: |  1  2  3  4  5  6  7  8  9 |
---------------+----------------------------+-----
Fighting       | 3 4 5 6 7 |  7.8
Maces & Flails | 2 3 4 5 |  5.6
Armour         | 1 2 3 4 |  4.9
Dodging        | 2 3 4 5 |  5.4
Necromancy     | 1 2 3 4 |  4.4
Spellcasting   | 1 2 |  2.7
Polearms       | 1 4 |  4.1
Shields        | 2 |  2.9
Stealth        | |  4.5

Action                   |  1- 3 |  4- 6 |  7- 9 | 10-12 || total
-------------------------+-------+-------+-------+-------++-------
Melee: Mace              |    17 |   205 |   225 |       ||   447
       Spear             |       |       |   198 |    24 ||   222
       Kick              |       |       |    11 |     7 ||    18
Throw: Dart              |       |       |     7 |       ||     7
       Throwing net      |       |       |     2 |       ||     2
 Cast: Animate Skeleton  |       |     5 |    29 |     2 ||    36
Evoke: Wand              |     4 |     1 |     1 |       ||     6
  Use: Potion            |     1 |     1 |     4 |       ||     6
       Scroll            |     1 |       |     1 |       ||     2
 Stab: Sleeping          |     1 |    12 |     9 |     1 ||    23
       Paralysed         |       |     2 |       |       ||     2
       Invisible         |       |       |     3 |       ||     3
       Distracted        |       |       |     1 |       ||     1
Armor: Leather armour    |     4 |    48 |    87 |     5 ||   144
Dodge: Dodged            |    10 |   156 |   369 |    34 ||   569
Block: Kite shield       |       |       |    93 |    18 ||   111

Table legend: (Time is in decaauts)
 A = Elapsed time spent in this place.
 B = Non-inter-level travel time spent in this place.
 C = Inter-level travel time spent in this place.
 D = Time resting spent in this place.
 E = Time spent auto-exploring this place.
 F = Levels seen in this place.
 G = Mean time per level.
                   A        B        C        D        E       F      G
               +--------+--------+--------+--------+--------+-----+--------+
         Total |  11305 |  11074 |    231 |   2734 |   6135 |   9 | 1256.1 |
       Dungeon |  11305 |  11074 |    231 |   2734 |   6135 |   9 | 1256.1 |
               +--------+--------+--------+--------+--------+-----+--------+

Top non-repeatable levels by time:
     D:3: 2271 daAuts
     D:7: 1726 daAuts
     D:4: 1494 daAuts
     D:6: 1307 daAuts
     D:5: 1289 daAuts
     D:2: 1065 daAuts
     D:8: 960 daAuts
     D:1: 605 daAuts
     D:9: 584 daAuts
